 Dungeon Crawl Stone Soup version 0.20.1-1-g8b1a95d (webtiles) character file.

100 seb29deBrest the Vexing (level 4, 0/42 HPs)
             Began as an Ogre Arcane Marksman on Nov 14, 2017.
             Slain by Purgy (8 damage)
             ... on level 3 of the Dungeon.
             The game lasted 00:08:31 (2187 turns).

seb29deBrest the Vexing (Ogre Arcane Marksman)      Turns: 2187, Time: 00:08:31

Health: 0/42       AC:  3    Str: 14    XL:     4   Next: 73%
Magic:  5/5        EV: 10    Int: 14    God:
Gold:   132        SH:  0    Dex: 10    Spells: 4/5 levels left

rFire    . . .     SeeInvis .   n - +2 spear (distort)
rCold    . . .     Gourm    .   (no shield)
rNeg     . . .     Faith    .   o - +0 robe
rPois    .         Spirit   .   (helmet restricted)
rElec    .         Reflect  .   (no cloak)
rCorr    .         Harm     .   (gloves unavailable)
MR       .....                  (boots unavailable)
Stlth    +.........             (no amulet)
Regen    0.2/turn               (no ring)
MPRegen  0.1/turn               (no ring)

@: flying
A: unfitting armour, tough skin 1
a: no special abilities


You were on level 3 of the Dungeon.
You were not hungry.

You visited 1 branch of the dungeon, and saw 3 of its levels.

You collected 132 gold pieces.

Inventory:

Hand Weapons
 a - a +0 hunting sling
 n - a +2 spear of distortion (weapon)
Missiles
 d - 16 sling bullets
 k - 67 stones (quivered)
Armour
 e - a +0 robe
 o - a +0 robe (worn)
Wands
 p - a wand of random effects (17/48)
Scrolls
 g - a scroll of identify {unknown}
 h - a scroll of noise {unknown}
 l - a scroll of remove curse
Potions
 m - a potion of resistance {unknown}
Books
 c - a book of Debilitation

   Spells                             Type                      Level
   a - Corona                         Hexes                        1
   b - Slow                           Hexes                        2
   c - Inner Flame                    Hexes/Fire                   3
   d - Portal Projectile              Hexes/Translocation          3
   e - Cause Fear                     Hexes                        4
   f - Leda's Liquefaction            Hexes/Earth                  4
Comestibles
 f - 4 bread rations
 i - 6 fruits


   Skills:
 + Level 2.2 Fighting
 + Level 1.5 Polearms
 + Level 2.2 Slings
 + Level 0.2(1.8) Throwing
 + Level 2.3 Dodging
 + Level 0.2 Stealth
 + Level 1.2 Spellcasting
 + Level 3.1 Hexes


You had 4 spell levels left.
You knew the following spells:

 Your Spells              Type           Power        Failure   Level  Hunger
a - Corona                Hex            #......      7%          1    ##.....


Dungeon Overview and Level Annotations

Branches:
Dungeon (3/15)

Altars:

Annotations:
D:3 Purgy


Innate Abilities, Weirdness & Mutations

You are too large for most types of armour.
You have tough skin. (AC +1)


Message History

Aiming: Random Effects (will waste charges)
Press: ? - help, Shift-Dir - straight line, f/p - Purgy
Aim: Purgy (translocational energy) Purgy flickers and vanishes!
Deactivating autopickup; reactivate with Ctrl-A.
Evoking this partially-identified wand wasted a few charges.
Something bites you! Something claws you but does no damage.
Something claws you.
You feel sick.
It was a potion of curing.
You feel better. Something bites you. Something claws you.
Something claws you but does no damage.
You start resting.
Something bites you. Something claws you but does no damage.
Something claws you. Something bites you!
* * * LOW HITPOINT WARNING * * *
Something claws you but does no damage. x2
It was a potion of flight.
You feel very buoyant.
You fly up into the air.
Something bites you!
You die...

##### ...# #.
##.##### #.
#..@...# #..
#..###.# ####..
#..# #.#
......####..#
#.#
........##..#
#.# #.........#
#.#############
....##.###†#
#.)............
# #.# #.#
###############
#.# #.#
########


There were no monsters in sight!

Vanquished Creatures
  An adder (D:3)
  2 gnolls (D:2)
  An ooze (D:1)
  3 worms
  A leopard gecko (D:2)
  An orc (D:3)
  A giant cockroach (D:2)
  4 goblins
  5 hobgoblins
  7 kobolds
  A quokka (D:2)
  3 ball pythons (D:2)
  6 bats
  5 frilled lizards
  7 rats
48 creatures vanquished.

Vanquished Creatures (others)
  An adder (D:3)
  A gnoll (D:2)
2 creatures vanquished.

Grand Total: 50 creatures vanquished

Notes
Turn   | Place    | Note
-------+----------+-------------------------------------------
     0 | D:1      | seb29deBrest the Ogre Arcane Marksman began the quest for the Orb.
     0 | D:1      | Reached XP level 1. HP: 19/19 MP: 2/2
    11 | D:1      | Reached XP level 2. HP: 27/27 MP: 3/3
    97 | D:1      | Reached skill level 3 in Hexes
   697 | D:1      | Reached XP level 3. HP: 33/33 MP: 4/4
  1049 | D:2      | Reached XP level 4. HP: 28/42 MP: 5/5
  1397 | D:2      | Learned a level 2 spell: Slow
  1706 | D:2      | Reached skill level 1 in Polearms
  1901 | D:3      | Noticed Purgy
  2187 | D:3      | Slain by Purgy

Skill      XL: |  1  2  3  4 |
---------------+-------------+-----
Dodging        | 2 |  2.3
Hexes          | 3 |  3.1
Slings         | 2 |  2.2
Fighting       | 2 |  2.2
Polearms       | 1 |  1.5
Throwing       | |  0.2
Stealth        | |  0.2
Spellcasting   | |  1.2

Action                   |  1- 3 |  4- 6 || total
-------------------------+-------+-------++-------
Melee: Spear             |    21 |    84 ||   105
 Fire: Hunting sling     |    44 |       ||    44
Throw: Stone             |     1 |       ||     1
Evoke: Wand              |       |     4 ||     4
  Use: Scroll            |     2 |     1 ||     3
       Potion            |       |     3 ||     3
 Stab: Sleeping          |       |     2 ||     2
  Eat: Meat ration       |       |     1 ||     1
       Chunk             |       |     1 ||     1
Armor: Robe              |     5 |    27 ||    32
Dodge: Dodged            |     8 |    32 ||    40
